 Dungeon Sprint DCSS version 0.28.0-53-g5a82cb258f (webtiles) character file.

Game seed: 14710084646379633064

2249 Zeld the Transmogrifier (level 9, 0/83 HPs)
             Began as a Red Draconian Transmuter on June 11, 2022.
             Was a Believer of Sif Muna.
             Slain by a demonic crawler (13 damage)
             ... in the Dungeon (Sprint I: "Red Sonja").
             The game lasted 00:02:29 (2345 turns).

Zeld the Transmogrifier (Red Draconian Transmuter)  Turns: 2345, Time: 00:02:30

Health: 0/83       AC:  7    Str: 17    XL:     9   Next: 15%
Magic:  23/23      EV: 12    Int: 13    God:    Sif Muna [**....]
Gold:   430        SH:  0    Dex: 12    Spells: 19/29 levels left

rFire   + . .      SeeInvis .     - Unarmed
rCold   . . .      Faith    .   (no shield)
rNeg    . . .      Spirit   .   (armour unavailable)
rPois   .          Reflect  .   (helmet restricted)
rElec   .          Harm     .   (no cloak)
rCorr   .          Rampage  .   (no gloves)
Will    .....      NoTele   +   (no boots)
Stlth   +.........              (no amulet)
HPRegen 0.23/turn               (no ring)
MPRegen 0.18/turn               (no ring)

@: short of breath
A: breathe fire, AC +7, unfitting armour, fire resistance 1, cold-blooded
a: Breathe Fire, Renounce Religion, Channel Magic


You were in the Dungeon.
You worshipped Sif Muna.
Sif Muna was pleased with you.
You visited 1 branch You collected 834 gold pieces.
You spent 404 gold pieces at shops.

Inventory:

Wands
 g - a wand of charming (1)
 k - a wand of flame (21)
Scrolls
 f - a scroll of blinking
 i - 4 scrolls of identify
 j - a scroll of silence
 m - a scroll of fog {unknown}
Potions
 a - 3 potions of curing
 b - a potion of heal wounds
 c - a potion of haste
 d - 2 potions of magic
 e - a potion of flight {unknown}
 h - a potion of brilliance {unknown}
 l - a potion of ambrosia {unknown}
 n - a potion of resistance


   Skills:
 + Level 9.0 Fighting
 - Level 1.7 Dodging
 + Level 8.6 Unarmed Combat
 * Level 10.6 Spellcasting
 * Level 11.4 Transmutations
 + Level 7.5 Evocations


You had 19 spell levels left.
You knew the following spells:

 Your Spells              Type           Power      Damage    Failure   Level
a - Beastly Appendage     Tmut           72%        N/A       1%          1
b - Wereblood             Tmut           36%        N/A       1%          2
c - Spider Form           Tmut/Pois      21%        N/A       3%          3
d - Ice Form              Ice/Tmut       21%        N/A       10%         4

Your spell library contained the following spells:

 Spells                   Type           Power      Damage    Failure   Level


Dungeon Overview and Level Annotations

Branches:
Dungeon (1/1)

Altars:
Cheibriados
Dithmenos
Elyvilon
Fedhas
Gozag
Hepliaklqana
Kikubaaqudgha
Makhleb
Nemelex Xobeh
Okawaru
Qazlal
Ru
Sif Muna
Trog
Uskayaw
Vehumet
Wu Jian
Xom
Yredelemnul
Zin
The Shining One
Jiyva
Lugonu

Shops:
D *?[


Innate Abilities, Weirdness & Mutations

You can breathe blasts of fire.
Your fiery red scales are hard. (AC +7)
You cannot fit into any form of body armour.
Your flesh is heat resistant. (rF+)
You are cold-blooded and may be slowed by cold attacks.


Message History

The demonic crawler shrieks in warning!
There is an open door here.
The demonic crawler shrieks in warning!
The demonic crawler closely misses you. The demonic crawler misses you.
The demonic crawler barely misses you.
There is an open door here.
You have got your breath back.
The demonic crawler hits you.
* * * LOW HITPOINT WARNING * * *
The demonic crawler hits you but does no damage.
The demonic crawler hits you.
* * * LOW HITPOINT WARNING * * *
Blink to where?
Press: ? - help, Dir - move target, f - you, p - demonic crawler
Okay, then.
Aiming: Breathe Fire (4% risk of failure)
Press: ? - help, Shift-Dir - straight line, f/p - demonic crawler
Aim: a demonic crawler (lightly wounded, 85% to hit)
You breathe a blast of fire.
The fiery breath hits the demonic crawler.
The demonic crawler resists.
The demonic crawler is lightly wounded.
The fiery breath hits the demonic crawler.
The demonic crawler resists.
The demonic crawler is lightly wounded.
The fiery breath hits the demonic crawler.
The demonic crawler resists.
The demonic crawler is lightly wounded.
The demonic crawler is engulfed in blazing flames.
The demonic crawler shrieks in warning!
Blink to where?
Press: ? - help, Dir - move target, p - demonic crawler
As you read the scroll of blinking, it crumbles to dust.
The demonic crawler shrieks in warning!
There is an open door here.
You see here a +0 giant club.
The demonic crawler shrieks in warning!
The demonic crawler shrieks in warning!
The demonic crawler barely misses you. The demonic crawler hits you!
You die...

#####################
#<.#@s)s.#..'ss#__#..
#..').#s.s..#..'s.'.)
#..#####'#####'#__###
#..####..#...#.####
#..#__####..##.#
#..#_____##'#_.+
#⌠⌠#_.∩...'..._#
####_..__##_.#'#
#_____###)#[# #


You could see 4 demonic crawlers.

Vanquished Creatures
  Sonja (D)
  A deep troll (D)
  2 kobold demonologists (D)
  A slime creature (D)
  Sigmund (D)
  A yak (D)
  A floating eye (D)
  An ogre (D)
  A jelly (D)
  Ijyb (D)
11 creatures vanquished.

Vanquished Creatures (others)
  2 ballistomycete spores (D)
2 creatures vanquished.

Grand Total: 13 creatures vanquished

Notes
Turn   | Place    | Note
-------+----------+-------------------------------------------
     0 | D        | Zeld the Draconian Transmuter began the quest for the Orb.
     0 | D        | Reached XP level 1. HP: 16/16 MP: 3/3
     3 | D        | Noticed Ijyb
    13 | D        | Killed Ijyb
    14 | D        | Reached skill level 3 in Transmutations
    14 | D        | Reached XP level 2. HP: 10/25 MP: 2/6
   350 | D        | Noticed an ogre
   353 | D        | Killed an ogre
   354 | D        | Reached skill level 5 in Spellcasting
   354 | D        | Reached skill level 5 in Transmutations
   354 | D        | Reached XP level 3. HP: 33/33 MP: 5/9
   354 | D        | Reached XP level 4. HP: 40/40 MP: 6/11
   389 | D        | Learned a level 2 spell: Wereblood
   393 | D        | Learned a level 3 spell: Spider Form
   398 | D        | Learned a level 4 spell: Ice Form
   659 | D        | Noticed Sigmund
   673 | D        | Killed Sigmund
   674 | D        | Reached skill level 5 in Fighting
   674 | D        | Reached skill level 5 in Unarmed Combat
   674 | D        | Reached skill level 7 in Transmutations
   674 | D        | Reached XP level 5. HP: 8/48 MP: 10/14
   674 | D        | Reached XP level 6. HP: 10/56 MP: 10/15
   930 | D        | Found an ornate altar of the Wu Jian Council.
   930 | D        | Found a shimmering blue altar of Sif Muna.
   932 | D        | Found a radiant altar of Vehumet.
   936 | D        | Became a worshipper of Sif Muna the Loreminder
  1045 | D        | Found Oxkuk's Magic Scroll Emporium.
  1045 | D        | Found an ancient bone altar of Kikubaaqudgha.
  1045 | D        | Found a hazy altar of Hepliaklqana.
  1045 | D        | Found a stormy altar of Qazlal.
  1045 | D        | Found a hide-covered altar of Uskayaw.
  1045 | D        | Found a blossoming altar of Fedhas.
  1045 | D        | Found a bloodstained altar of Trog.
  1045 | D        | Found an iron altar of Okawaru.
  1045 | D        | Found a basalt altar of Yredelemnul.
  1045 | D        | Found a glowing golden altar of the Shining One.
  1045 | D        | Found a snail-covered altar of Cheibriados.
  1045 | D        | Found a sacrificial altar of Ru.
  1045 | D        | Found a glowing silver altar of Zin.
  1045 | D        | Found a shadowy altar of Dithmenos.
  1045 | D        | Found a white marble altar of Elyvilon.
  1045 | D        | Noticed a yak
  1051 | D        | Killed a yak
  1052 | D        | Reached skill level 8 in Transmutations
  1053 | D        | Found an opulent altar of Gozag.
  1054 | D        | Found a sparkling altar of Nemelex Xobeh.
  1058 | D        | Bought a scroll of identify for 28 gold pieces
  1058 | D        | Bought a scroll of identify for 28 gold pieces
  1058 | D        | Bought a scroll of silence for 105 gold pieces
  1058 | D        | Bought a scroll of blinking for 105 gold pieces
  1058 | D        | Bought a scroll of identify for 28 gold pieces
  1232 | D        | Found a burning altar of Makhleb.
  1232 | D        | Found a viscous altar of Jiyva.
  1232 | D        | Found a shimmering altar of Xom.
  1232 | D        | Found a corrupted altar of Lugonu.
  1232 | D        | Noticed a slime creature
  1241 | D        | Killed a slime creature
  1241 | D        | Reached * piety under Sif Muna
  1242 | D        | Reached skill level 5 in Evocations
  1242 | D        | Your scales start taking on a fiery red colour.
  1242 | D        | Reached XP level 7. HP: 19/64 MP: 13/18
  1242 | D        | Gained mutation: Your flesh is heat resistant. (rF+) [Red
                  | Draconian growth]
  1609 | D        | Noticed a kobold demonologist
  1609 | D        | Noticed a kobold demonologist
  1612 | D        | Reached skill level 9 in Transmutations
  1616 | D        | Noticed an ice devil
  1620 | D        | Killed a kobold demonologist
  1635 | D        | Killed a kobold demonologist
  1635 | D        | Reached ** piety under Sif Muna
  1636 | D        | Reached skill level 10 in Transmutations
  1636 | D        | Reached XP level 8. HP: 70/74 MP: 14/21
  1852 | D        | Noticed Sonja
  1860 | D        | Noticed a deep troll
  1865 | D        | Killed a deep troll
  1866 | D        | Reached skill level 10 in Spellcasting
  1871 | D        | Killed Sonja
  1872 | D        | Reached skill level 11 in Transmutations
  1872 | D        | Reached XP level 9. HP: 40/83 MP: 20/23
  2259 | D        | Found Poabroh's Armour Emporium.
  2281 | D        | Found Wour's General Store.
  2289 | D        | Bought a potion of resistance for 110 gold pieces
  2321 | D        | Noticed a demonic crawler
  2321 | D        | Noticed a demonic crawler
  2321 | D        | Noticed a demonic crawler
  2321 | D        | Noticed a demonic crawler
  2326 | D        | Noticed a gargoyle
  2345 | D        | Slain by a demonic crawler

Illustrated notes

Levels and vault maps discovered:
D:        dungeon_sprint_1 [red_sonja_temple_1, red_sonja_temple_small_1]

Skill      XL: |  1  2  3  4  5  6  7  8 |
---------------+-------------------------+-----
Fighting       | 2 3 5 6 7 9 |  9.0
Spellcasting   | 3 5 6 8 9 10 | 10.6
Transmutations | 3 5 7 8 10 11 | 11.4
Unarmed Combat | 4 5 6 7 8 |  8.6
Evocations     | 2 3 5 6 7 |  7.5
Dodging        | |  1.7

Action                   |  1- 3 |  4- 6 |  7- 9 || total
-------------------------+-------+-------+-------++-------
Melee: Unarmed           |    11 |    20 |    30 ||    61
       Kick              |     4 |       |       ||     4
       Headbutt          |     2 |       |       ||     2
       Tailslap          |     1 |       |       ||     1
 Cast: Beastly Appendage |     2 |       |       ||     2
       Spider Form       |       |     3 |       ||     3
       Ice Form          |       |     1 |     2 ||     3
 Abil: Breathe Fire      |       |       |     3 ||     3
Evoke: Wand              |       |       |     4 ||     4
  Use: Potion            |     1 |       |       ||     1
       Scroll            |       |       |     1 ||     1
Armor: Skin              |       |     2 |    17 ||    19
Dodge: Dodged            |     4 |    10 |    18 ||    32
